 Dungeon Crawl Stone Soup version 0.29.1-15-g9cfb28693d (webtiles) character file.

Game seed: 13054350623271223770

0 LLlMATKO the Chopper (level 1, -3/28 HPs)
             Began as a Minotaur Berserker on Apr 19, 2023.
             Was a Follower of Trog.
             Slain by a kobold
             ... wielding a +0 dagger of electrocution
              (8 damage)
             ... on level 1 of the Dungeon.
             The game lasted 00:00:03 (43 turns).

LLlMATKO the Chopper (Minotaur Berserker)             Turns: 43, Time: 00:00:04

Health: -3/28      AC:  2    Str: 21    XL:     1   Next: 8%
Magic:  0/0        EV: 12    Int:  4    God:    Trog [*.....]
Gold:   0          SH:  0    Dex:  9    Spells: 0/0 levels left

rFire   . . .      SeeInvis .   a - +0 hand axe
rCold   . . .      Faith    .   (no shield)
rNeg    . . .      Spirit   .   b - +0 animal skin
rPois   .          Reflect  .   (helmet restricted)
rElec   .          Harm     .   (no cloak)
rCorr   .          Rampage  .   (no gloves)
Will    .....                   (no boots)
Stlth   ..........              (no amulet)
HPRegen 0.09/turn               (no ring)
MPRegen 0.07/turn               (no ring)

@: berserking, very quick
A: horns 2, retaliatory headbutt
a: Renounce Religion, Berserk


You were on level 1 of the Dungeon.
You worshipped Trog.
Trog was aware of your devotion.
You visited 1 branch of the dungeon, and saw 1 of its levels.

Inventory:

Hand Weapons
 a - a +0 hand axe (weapon)
Armour
 b - a +0 animal skin (worn)
Scrolls
 c - a scroll of magic mapping {unknown}
Potions
 d - a potion of invisibility {unknown}


   Skills:
 + Level 3.6 Fighting
 + Level 3.6 Axes
 + Level 2.4 Armour
 + Level 2.2 Dodging


You couldn't memorise any spells.
You didn't know any spells.
Your spell library was empty.

Dungeon Overview and Level Annotations

Branches:
Dungeon (1/15)

Altars:


Innate Abilities, Weirdness & Mutations

You have a pair of horns on your head.
You reflexively headbutt those who attack you in melee.


Message History

d - a metallic dark potion No target in view!
Found an escape hatch in the floor.
No target in view!
A frilled lizard comes into view.
A kobold comes into view.
It is wielding a +0 dagger of electrocution.
The frilled lizard hisses angrily.
The kobold shouts!
You hear a shout!
You see here a scroll labelled IRYHOITA ZUTAC.
You closely miss the frilled lizard. The frilled lizard misses you.
You closely miss the frilled lizard. You headbutt the frilled lizard.
You kill the frilled lizard!
Trog accepts your kill.
You see here a scroll labelled IRYHOITA ZUTAC.
Found a stone staircase leading down.
The kobold hits you with a +0 dagger of electrocution.
A goblin comes into view. It is wielding a +0 club.
You hit the kobold.
The kobold is severely wounded.
The kobold hits you with a +0 dagger of electrocution.
You are electrocuted!
* * * LOW HITPOINT WARNING * * *
You are too injured to fight recklessly!
You are too injured to fight recklessly!
You are too injured to fight recklessly!
You are too injured to fight recklessly!
You are too injured to fight recklessly!
You are too injured to fight recklessly!
You are too injured to fight recklessly!
You are too injured to fight recklessly!
You are too injured to fight recklessly!
You are too injured to fight recklessly!
You are too injured to fight recklessly!
You are too injured to fight recklessly!
You are too injured to fight recklessly!
A red film seems to cover your vision as you go berserk!
You feel yourself moving faster!
You feel mighty!
The kobold hits you with a +0 dagger of electrocution.
* * * LOW HITPOINT WARNING * * *
You are electrocuted!
You die...

## ##.## ## #
#####.######+##
#.#####.####....#
..............####
###.####....... ##
##†####.....#####
#.####.####.........#
###.####?####......#
.......@+..........+
####..K##....##....#
#..... #######....#
......# .>......####
#..... ........######
...g## .............#
>... #+##########.###
... #...# ## #...#


You could see a goblin and a kobold.

Vanquished Creatures
  A frilled lizard (D:1)
1 creature vanquished.

Notes
Turn   | Place    | Note
-------+----------+-------------------------------------------
     0 | D:1      | LLlMATKO the Minotaur Berserker began the quest for the
                  | Orb.
     0 | D:1      | Reached XP level 1. HP: 19/19 MP: 0/0
    43 | D:1      | Slain by a kobold

Illustrated notes

Levels and vault maps discovered:
D:1:      psy_arrival_radial01, layout_basic, hellmonk_ecumenical_altar_zigzags,
          reono_crystal_passage

Action                   || total
-------------------------++-------
Melee: Hand axe          ||     3
       Headbutt          ||     1
Invok: Berserk           ||     1
Dodge: Dodged            ||     1
